 Dungeon Crawl Stone Soup version 0.27-a0-797-g27d10ad80f (webtiles) character file.

Game seed: 12548782420928580051

259 dickylongcocking the Insei (level 6, -4/46 HPs)
             Began as a Djinni Transmuter on Mar 27, 2021.
             Was an Initiate of Gozag.
             Slain by an orc
             ... wielding a +0 war axe
              (6 damage)
             ... on level 4 of the Dungeon.
             The game lasted 00:02:17 (4213 turns).

dickylongcocking the Insei (Djinni Transmuter)      Turns: 4213, Time: 00:02:18

Health: -4/46      AC:  6    Str: 10    XL:     6   Next: 17%
Gold:   340        EV: 12    Int: 22    God:    Gozag SH:  0 Dex: 13

rFire    + + .     SeeInvis .     - Unarmed
rCold    x . .     Faith    .   (no shield)
rNeg     . . .     Spirit   .   a - +0 robe
rPois    ∞         Reflect  +   (no helmet)
rElec    .         Harm     .   (no cloak)
rCorr    .         Rampage  .   (no gloves)
Will     .....                  (boots unavailable)
Stlth    +.........             e - amulet of reflection
HPRegen  0.15/turn              c - +4 ring of protection
MPRegen  0.00/turn              j - +6 ring of intelligence

@: confused, flying, very slightly contaminated
A: fire resistance 2, cold vulnerability 1, float, innate caster, hp casting,
extra vitality 1
a: Renounce Religion, Potion Petition, Call Merchant, Bribe Branch


You were on level 4 of the Dungeon.
You worshipped Gozag.
Gozag was aware of your devotion.
You visited 1 branch of the dungeon, and saw 4 of its levels.

You collected 354 gold pieces.
You paid 14 gold pieces to Gozag.

Inventory:

Armour
 a - a +0 robe (worn)
Jewellery
 c - a +4 ring of protection (left hand)
 e - an amulet of reflection (around neck)
 j - a +6 ring of intelligence (right hand)
 k - a +6 ring of intelligence
Wands
 o - a wand of digging (6)
Scrolls
 d - a scroll of magic mapping {unknown}
 f - 3 scrolls of identify {unknown}
 h - 3 scrolls of fog {unknown}
 i - a scroll of immolation {unknown}
 l - 2 scrolls of blinking {unknown}
 m - a scroll of enchant armour {unknown}
 n - a scroll of amnesia {unknown}
 p - a scroll of teleportation {unknown}
Potions
 b - a potion of flight {unknown}


   Skills:
 * Level 3.3 Fighting
 - Level 2.1 Dodging
 * Level 5.5 Unarmed Combat
 + Level 2.1 Spellcasting


You couldn't memorise any spells.
You knew the following spells:

 Your Spells              Type           Power      Damage    Failure   Level
a - Beastly Appendage     Tmut           24%        N/A       5%          1
b - Wereblood             Tmut           12%        N/A       9%          2
c - Spider Form           Tmut/Pois      6%         N/A       17%         3
d - Ice Form              Ice/Tmut       12%        N/A       50%         4
e - Blade Hands           Tmut           6%         N/A       83%         5
f - Animate Skeleton      Necr           24%        N/A       5%          1
g - Swiftness             Air            12%        N/A       9%          2
Your spell library was empty.

Dungeon Overview and Level Annotations

Branches:
Dungeon (4/15)
 Temple: D:4-7

Altars:
Gozag
Zin

Shops:
D:3 !


Innate Abilities, Weirdness & Mutations

You are immune to poison.
Your flesh is very heat resistant. (rF++)
You are vulnerable to cold. (rC-)
You float through the air rather than walking.
You learn spells naturally, not from books.
Your magical power is your life essence.
You have superior vitality. (+4 HP)


Message History

An orc comes into view. It is wielding a +0 whip.
The orc shouts!
The orc becomes distracted by your gold, dreaming of imaginary riches.
An orc priest and an orc wizard come into view.
The orc wizard shouts!
The orc shouts!
The orc priest invokes the aid of Beogh against you.
Beogh smites you!
Found a stone staircase leading down.
You closely miss the orc.
The orc is no longer distracted by gold.
You hit the orc.
The orc is heavily wounded.
You block the orc's attack.
You punch the orc!
You kill the orc!
The orc wizard casts a spell at itself.
The orc wizard flickers and vanishes!
Deactivating autopickup; reactivate with Ctrl-A.
You hit something but do no damage. The orc hits you with a +0 war axe.
Something hits you but does no damage.
Casting: Spider Form (dangerous; 17% risk of failure)
Confirm with . or Enter, or press ? or * to list all spells.
You miscast Spider Form.
You are very lightly contaminated with residual magic.
Nothing appears to happen.
The orc hits you with a +0 war axe! Something hits you.
The orc priest mumbles some strange prayers to Beogh against you.
Beogh smites you!
* * * LOW HITPOINT WARNING * * *
Unknown command.
It was a potion of magic.
Magic courses through your body. You block the orc's attack.
Something hits you.
* * * LOW HITPOINT WARNING * * *
Unknown command.
Okay, then.
You hear some strange, mumbled words.
You are confused.
The orc hits you with a +0 war axe.
You die...
Your body crumbles into a pile of gold.

#.############
###.#### #......#
#......# ####
#..(...# ....
#......#.## #### $
#........... .
####......#.#######
#{@................
#o#########.#######
#o# .#...>.. #.#
#.##### .>. ...
#.... # #....
######


You could see an orc priest and an orc.

Vanquished Creatures
  An ogre (D:4)
  A hound (D:3)
  A bullfrog skeleton (D:3)
  Jessica (D:3)
  2 adders (D:2)
  3 worms
  7 orcs
  6 endoplasms
  A giant cockroach (D:1)
  8 goblins
  3 hobgoblins
  3 jackals (D:2)
  3 quokkas
  4 ball pythons
  3 bats
  4 frilled lizards
  3 kobolds
  5 rats
59 creatures vanquished.

Notes
Turn   | Place    | Note
-------+----------+-------------------------------------------
     0 | D:1      | dickylongcocking the Djinni Transmuter began the quest for
                  | the Orb.
     0 | D:1      | Reached XP level 1. HP: 17/17 MP: 0/0
   681 | D:1      | Reached XP level 2. HP: 14/22 MP: 0/0
  1493 | D:2      | Reached skill level 4 in Unarmed Combat
  1499 | D:2      | Found an opulent altar of Gozag.
  1520 | D:2      | Reached XP level 3. HP: 21/27 MP: 0/0
  1520 | D:2      | Learned a level 1 spell: Animate Skeleton
  1589 | D:2      | Became a worshipper of Gozag Ym Sagoz the Greedy
  2550 | D:2      | Found a glowing silver altar of Zin.
  2669 | D:2      | Reached XP level 4. HP: 24/32 MP: 0/0
  2839 | D:3      | Found Xoomuocw's Distillery.
  3358 | D:3      | Noticed Jessica
  3371 | D:3      | Killed Jessica
  3372 | D:3      | Reached skill level 5 in Unarmed Combat
  3372 | D:3      | Reached XP level 5. HP: 17/39 MP: 0/0
  3372 | D:3      | Learned a level 2 spell: Swiftness
  4152 | D:4      | Noticed an ogre
  4161 | D:4      | Killed an ogre
  4162 | D:4      | Reached XP level 6. HP: 46/46 MP: 0/0
  4212 | D:4      | HP: 2/46 [something (3)]
  4213 | D:4      | Slain by an orc

Illustrated notes

Levels and vault maps discovered:
D:1:      heliophobic_arrival_henge, layout_loops_ring, minmay_cupped
D:2:      layout_basic, zin_statuary, grunt_gozag_breadcrumbs
D:3:      layout_loops_cross, serial_shops, nicolae_shop_stone, uniq_jessica
D:4:      layout_basic

Skill      XL: |  1  2  3  4  5 |
---------------+----------------+-----
Unarmed Combat | 4 5 |  5.5
Fighting       | 2 3 |  3.3
Spellcasting   | 2 |  2.1
Dodging        | |  2.1

Action                   |  1- 3 |  4- 6 || total
-------------------------+-------+-------++-------
Melee: Unarmed           |   144 |   112 ||   256
       Headbutt          |     5 |     1 ||     6
       Punch             |     1 |     3 ||     4
 Cast: Beastly Appendage |     3 |     1 ||     4
       Spider Form       |       |     1 ||     1
  Use: Potion            |     1 |     1 ||     2
 Stab: Sleeping          |     1 |       ||     1
Armor: Robe              |    46 |    16 ||    62
       Skin              |       |     1 ||     1
Dodge: Dodged            |   105 |    42 ||   147
Block: Other             |     1 |    22 ||    23
       Reflection        |       |     1 ||     1

Table legend: (Time is in decaauts)
 A = Elapsed time spent in this place.
 B = Non-inter-level travel time spent in this place.
 C = Inter-level travel time spent in this place.
 D = Time resting spent in this place.
 E = Time spent auto-exploring this place.
 F = Levels seen in this place.
 G = Mean time per level.
                   A        B        C        D        E       F      G
               +--------+--------+--------+--------+--------+-----+--------+
         Total |   4190 |   4108 |     82 |    892 |   2679 |   4 | 1047.5 |
       Dungeon |   4190 |   4108 |     82 |    892 |   2679 |   4 | 1047.5 |
               +--------+--------+--------+--------+--------+-----+--------+

Top non-repeatable levels by time:
     D:1: 1454 daAuts
     D:2: 1347 daAuts
     D:3: 1308 daAuts
     D:4: 78 daAuts
